 Dungeon Crawl Stone Soup version 0.32-a0-411-g744942f433 (webtiles) character file.

Game seed: 5896820966350308420

4 lunkers the Apothecary (level 1, 0/13 HPs)
             Began as a Coglin Alchemist on Feb 21, 2024.
             Slain by a hobgoblin (2 damage)
             ... on level 1 of the Dungeon.
             The game lasted 00:00:27 (24 turns).

lunkers the Apothecary (Coglin Alchemist)             Turns: 24, Time: 00:00:28

Health: 0/13       AC:  2    Str:  8    XL:     1   Next: 60%
Magic:  0/3        EV: 12    Int: 14    God:
Gold:   0          SH:  0    Dex: 14    Spells: 2/3 levels left

rFire   . . .        (no weapon)
rCold   . . .        (no shield)
rNeg    . . .        a - +0 robe
rPois   .            (no helmet)
rElec   .            (no cloak)
rCorr   .            (no gloves)
SInv    .            (no boots)
Will    .....        (no amulet)
Stlth   ++           (no ring)
HPRegen 0.22/turn    (no ring)
MPRegen 0.08/turn

%: no passive effects
@: immotile, revved
A: off-hand wielding, slow wielding, warmup strikes, legs shutdown
a: no special abilities


You were on level 1 of the Dungeon.
You visited 1 branch of the dungeon, and saw 1 of its levels.

Inventory:

Armour
 a - a +0 robe (worn)
Potions
 b - a potion of magic


   Skills:
 - Level 1.7 Dodging
 - Level 1.5 Stealth
 - Level 1.7 Spellcasting
 - Level 0.8 Conjurations
 + Level 3.6 Alchemy


You had 2 spell levels left.
You knew the following spells:

 Your Spells              Type           Power      Damage    Failure   Level
a - Sting                 Conj/Alch      28%        1d4       10%         1

Your spell library contained the following spells:

 Spells                   Type           Power      Damage    Failure   Level
 Mercury Vapours          Alch/Air       12%        N/A       17%         2
 Mephitic Cloud           Conj/Alch/Air  5%         N/A       36%         3
 Olgreb's Toxic Radiance  Alch           11%        N/A       47%         4
 Sticky Flame             Fire/Alch      6%         2d4       75%         4


Dungeon Overview and Level Annotations

Branches:
Dungeon (1/15)

Altars:


Innate Abilities, Weirdness & Mutations

You can wield a second weapon in your off-hand.
It takes a long time for you to wield or remove held weapons.
Your first few attacks do less damage.
Attacking and casting redirects power from your legs.


Message History

You closely miss the kobold.
The kobold is moderately wounded.
The kobold hits you with a +0 dagger.
The hobgoblin hits you but does no damage.
Unknown command.
You don't have enough magic to cast this spell.
Unknown command.
Unknown command.
The ball python hisses angrily.
You hit the kobold.
The kobold is heavily wounded.
The kobold hits you with a +0 dagger.
* * * LOW HITPOINT WARNING * * *
A kobold comes into view. It is wielding a +0 whip.
The hobgoblin hits you.
* * * LOW HITPOINT WARNING * * *
Aiming: Sting (safe; 10% risk of failure)
Press: ? - help, Q - select action Shift-Dir - straight line, f/p - kobold
Aim: a kobold, wielding a +0 dagger (heavily wounded, 60% to hit)
The sting hits the kobold.
The kobold is poisoned.
The kobold is severely wounded.
You kill the kobold!
The hobgoblin hits you.
* * * LOW HITPOINT WARNING * * *
Unknown command.
You cannot move.
You cannot move.
Unknown command.
You hit the rat.
The rat is heavily wounded.
The rat barely misses you. The hobgoblin closely misses you.
Unknown command.
You closely miss the rat.
The rat is heavily wounded.
The rat closely misses you. The hobgoblin hits you.
* * * LOW HITPOINT WARNING * * *
You closely miss the rat.
The rat is heavily wounded.
The rat misses you. The hobgoblin hits you.
You die...

. .. ... .... .....
.. #####...$.. ...
#..@rSK.#
##.########..)g...#
###.................#
..............##+####
##.........##.#
#ß.........ß#.#
#)..ß...ß...#.#
#ß.........ß#..
#.........###.


You could see a hobgoblin, a ball python, a kobold and a rat.

Vanquished Creatures
  2 kobolds (D:1)
2 creatures vanquished.

Notes
Turn   | Place    | Note
-------+----------+-------------------------------------------
     0 | D:1      | lunkers the Coglin Alchemist began the quest for the Orb.
     0 | D:1      | Reached XP level 1. HP: 13/13 MP: 3/3
    24 | D:1      | Slain by a hobgoblin

Illustrated notes

Levels and vault maps discovered:
D:1:      mrwooster_arrival_statue_2, layout_basic,
          nicolae_twisty_statue_hallways

Action                     || total
---------------------------++-------
  Melee: Unarmed           ||     9
   Cast: Sting             ||     4
 Armour: Robe              ||     9
  Dodge: Dodged            ||    10

Table legend: (Time is in decaauts)
 A = Elapsed time spent in this place.
 B = Non-inter-level travel time spent in this place.
 C = Inter-level travel time spent in this place.
 D = Time resting spent in this place.
 E = Time spent auto-exploring this place.
 F = Levels seen in this place.
 G = Mean time per level.
                   A        B        C        D        E       F      G
               +--------+--------+--------+--------+--------+-----+--------+
         Total |     24 |     24 |      0 |      0 |      6 |   1 |   24.0 |
       Dungeon |     24 |     24 |      0 |      0 |      6 |   1 |   24.0 |
               +--------+--------+--------+--------+--------+-----+--------+

Top non-repeatable levels by time:
     D:1: 24 daAuts
